 Dungeon Crawl Stone Soup version 0.28.0-53-g5a82cb258f (webtiles) character file.

Game seed: 12964393571540284822

15143 clackabat the Spear-Bearer (level 11, -8/100 HPs)
             Began as a Minotaur Fighter on July 13, 2022.
             Was a High Priest of Okawaru.
             Mangled by a boulder beetle (21 damage)
             ... on level 11 of the Dungeon.
             The game lasted 00:33:03 (12486 turns).

clackabat the Spear-Bearer (Minotaur Fighter)      Turns: 12486, Time: 00:33:04

Health: -8/100     AC: 22    Str: 21    XL:     11   Next: 98%
Magic:  10/10      EV: 14    Int:  5    God:    Okawaru [*****.]
Gold:   1316       SH:  6    Dex: 14    Spells: 10/10 levels left

rFire   + . .      SeeInvis .   t - +5 spear (pain)
rCold   . . .      Faith    .   c - +0 buckler
rNeg    + . .      Spirit   .   x - +2 ring mail of Igate {Harm rElec rN+}
rPois   .          Reflect  .   (helmet restricted)
rElec   +          Harm     +   l - +2 cloak {rCorr}
rCorr   +          Rampage  .   g - +1 pair of gloves
Will    .....                   v - +2 pair of boots {rF+}
Stlth   +.........              (no amulet)
HPRegen 0.26/turn               m - +4 ring of protection
MPRegen 0.12/turn               y - +4 ring of slaying

@: no status effects
A: horns 2, retaliatory headbutt
a: Renounce Religion, Heroism, Finesse, Duel


You were on level 11 of the Dungeon.
You worshipped Okawaru.
Okawaru was extremely pleased with you.
You visited 2 branches of the dungeon, and saw 12 of its levels.
You also visited: Sewer.

You collected 1853 gold pieces.
You spent 537 gold pieces at shops.

Inventory:

Hand Weapons
 a - a +0 trident
 t - a +5 spear of pain (weapon)
Missiles
 b - 5 javelins
 i - 6 boomerangs (quivered)
 A - 67 poisoned darts
 C - 21 curare-tipped darts
 L - 2 boomerangs of dispersal
Armour
 c - a +0 buckler (worn)
 g - a +1 pair of gloves (worn)
 l - a +2 cloak of preservation (worn)
 o - a +0 ring mail of willpower
 v - a +2 pair of boots of fire resistance (worn)
 x - the +2 ring mail of Igate (worn) {Harm rElec rN+}
   (You took it off an orc on level 5 of the Dungeon)

   rElec:     It insulates you from electricity.
   rN:        It protects you from negative energy.
   Harm:      It increases damage dealt and taken.
 z - a +4 scale mail of fire resistance
 D - a +2 chain mail of positive energy
 F - the +1 scale mail "Fafo" {rElec rPois Regen+ Stlth-}
   (You took it off a wight on level 9 of the Dungeon)

   rElec:     It insulates you from electricity.
   rPois:     It protects you from poison.
   Regen:     It increases your rate of health regeneration.
   Stlth:     It makes you less stealthy.
 G - quicksilver dragon scales
 N - the +1 leather armour "Pomiceb" {-Tele Fly rN+}
   (You took it off a kobold demonologist on level 9 of the Dungeon)

   rN:        It protects you from negative energy.
   Fly:       It grants you flight.
   -Tele:     It prevents most forms of teleportation.
 O - a +2 pair of boots
Jewellery
 e - a ring of wizardry
 h - a +6 ring of intelligence
 m - a +4 ring of protection (left hand)
 u - the amulet "Buralua" {RegenMP rCorr Str-2 Int+2 Stlth+}
   (You found it on level 9 of the Dungeon)

   [amulet of magic regeneration]

   It increases your rate of magic regeneration.
   Str:       It affects your strength (-2).
   Int:       It affects your intelligence (+2).
   rCorr:     It protects you from acid and corrosion.
   Stlth:     It makes you more stealthy.
 w - a ring of ice
 y - a +4 ring of slaying (right hand)
 H - a ring of protection from cold
Wands
 E - a wand of flame (48)
 I - a wand of paralysis (6)
 J - a wand of acid (13)
 M - a wand of iceblast (1)
 Q - a wand of digging (7)
Scrolls
 d - 4 scrolls of teleportation
 f - 2 scrolls of fear
 p - a scroll of enchant armour
 q - 4 scrolls of identify
 s - 2 scrolls of vulnerability
 B - a scroll of amnesia
Potions
 j - 2 potions of magic
 k - 3 potions of curing
 n - 2 potions of cancellation
 r - a potion of heal wounds
 K - a potion of brilliance
 P - a potion of mutation {unknown}
 R - a potion of haste {unknown}
 S - a potion of berserk rage {unknown}


   Skills:
 + Level 10.2 Fighting
 - Level 14.0 Polearms
 + Level 10.2 Armour
 + Level 8.6 Dodging
 + Level 10.2 Shields


You had 10 spell levels left.
You didn't know any spells.
Your spell library contained the following spells:

 Spells                   Type           Power      Damage    Failure   Level
 Pain                     Necr           0%         1d4       67%         1
 Blink                    Tloc           0%         N/A       82%         2
 Static Discharge         Conj/Air       0%         N/A       82%         2
 Frozen Ramparts          Ice            0%         1d2       96%         3
 Inner Flame              Hex/Fire       0%         N/A       96%         3
 Lesser Beckoning         Tloc           0%         N/A       96%         3
 Vampiric Draining        Necr           0%         2d6       96%         3
 Cause Fear               Hex            0%         N/A       100%        4
 Dispel Undead            Necr           0%         3d6       100%        4
 Ice Form                 Ice/Tmut       0%         N/A       100%        4
 Sticky Flame             Conj/Fire      0%         2d3       100%        4
 Manifold Assault         Tloc           0%         N/A       100%        5
 Discord                  Hex            0%         N/A       100%        8
 Animate Skeleton         Necr           Unusable   N/A       N/A         1
 Summon Ice Beast         Ice/Summ       Unusable   N/A       N/A         4
 Summon Mana Viper        Hex/Summ       Unusable   N/A       N/A         5
 Monstrous Menagerie      Summ           Unusable   N/A       N/A         7

Dungeon Overview and Level Annotations

Branches:
Dungeon (11/15)            Temple (1/1) D:6            Lair (0/6) D:11
  Sewer (visited)
    Orc: D:9-12

Altars:
Ashenzari
Cheibriados
Dithmenos
Elyvilon
Fedhas
Gozag
Hepliaklqana
Kikubaaqudgha
Makhleb
Nemelex Xobeh
Okawaru
Qazlal
Ru
Sif Muna
Trog
Uskayaw
Vehumet
Wu Jian
Xom
Yredelemnul
Zin
The Shining One

Shops:
D:5 *[

Portals:
Trove: D:10 (give 16 potions of curing)

Annotations:
D:4 3 runed translucent doors, styxcanada's ghost, novice SpBr


Innate Abilities, Weirdness & Mutations

You have a pair of horns on your head.
You reflexively headbutt those who attack you in melee.


Message History

The boulder beetle bites you but does no damage.
The skeletal warrior hits you from afar with a +0 trident!
You are too injured to fight recklessly!
You are too injured to fight recklessly!
You are too injured to fight recklessly!
You are too injured to fight recklessly!
You are too injured to fight recklessly!
You puncture the boulder beetle!
The boulder beetle is severely wounded.
The boulder beetle barely misses you.
The boulder beetle bites you but does no damage.
You hit the boulder beetle but do no damage.
You headbutt the boulder beetle, but do no damage.
The boulder beetle is severely wounded.
The skeletal warrior barely misses you. The boulder beetle bites you.
You hit the boulder beetle but do no damage.
The boulder beetle is severely wounded.
The boulder beetle bites you!!
* * * LOW HITPOINT WARNING * * *
You hit the boulder beetle.
You headbutt the boulder beetle, but do no damage.
The boulder beetle is severely wounded.
The skeletal warrior closely misses you.
The boulder beetle completely misses you.
You hit the boulder beetle but do no damage.
The boulder beetle is severely wounded.
The boulder beetle misses you.
You puncture the boulder beetle!
The boulder beetle is severely wounded.
You block the skeletal warrior's attack.
The boulder beetle bites you but does no damage.
You hit the boulder beetle but do no damage.
The boulder beetle is severely wounded.
The boulder beetle bites you!
* * * LOW HITPOINT WARNING * * *
The boulder beetle curls into a ball and begins rolling!
You block the boulder beetle's attack.
The boulder beetle curls into a ball and begins rolling!
The boulder beetle hits you!!
You die...

###......#........ #
#....##.........#
###...##.##.........# .#
##...###..####......##..#
.......##...............##
.. #........>.............
......#<####.........#.....
..........#.........##.....
.............@.........#...
.............B.B....#... ##
..............○.○#..####
.......##.#....°.#.##
.####.. ####.#z#°#°# #..
#...... #.#..... #........
#.#......(


You could see 2 boulder beetles and a skeletal warrior.

Vanquished Creatures
  Erica (D:8)
  2 two-headed ogres
  The ghost of DocClef the Frost Mage, a novice GnIE of Hepliaklqana (D:9)
  2 ugly things (D:9)
  3 kobold demonologists (D:9)
  Maggie (D:8)
  A shadow (D:11)
  A wyvern (D:7)
  A vampire (D:11)
  2 wraiths
  8 yaks
  2 water moccasins
  Duvessa (D:6)
  Pargi (Sewer)
  2 sky beasts
  A black bear (D:7)
  2 ice beasts (D:7)
  7 orc warriors
  4 centaurs
  A hornet zombie (D:7)
  2 necrophages
  2 ogres
  Blork the orc (D:6)
  18 kobold brigands
  4 bullfrogs
  3 scorpions (D:5)
  A water moccasin zombie (D:5)
  Dowan (D:6)
  A water moccasin skeleton (D:6)
  3 killer bees (D:10)
  21 wights
  7 howler monkeys
  A human zombie (D:10)
  A bullfrog zombie (D:5)
  8 hounds
  2 gnoll shamans
  14 centaur zombies
  3 jellies
  9 orc priests
  A centaur skeleton (D:6)
  15 orc wizards
  2 iguanas (D:5)
  3 howler monkey zombies
  7 gnolls
  5 adders
  2 river rats (D:4)
  2 white imps
  An ufetubus (D:6)
  2 worms
  3 dart slugs
  54 orcs
  4 ball pythons
  6 bats
  6 endoplasms
  4 giant cockroaches
  7 hobgoblins
  3 jackals
  22 kobolds
  A quokka (D:5)
  8 frilled lizards
  7 goblins
  10 rats
321 creatures vanquished.

Notes
Turn   | Place    | Note
-------+----------+-------------------------------------------
     0 | D:1      | clackabat the Minotaur Fighter began the quest for the Orb.
     0 | D:1      | Reached XP level 1. HP: 19/19 MP: 0/0
    73 | D:1      | Reached skill level 3 in Polearms
   149 | D:1      | Reached XP level 2. HP: 22/26 MP: 1/1
   406 | D:1      | Reached skill level 4 in Polearms
   417 | D:1      | Found a faded altar of an unknown god.
   545 | D:1      | Reached XP level 3. HP: 31/31 MP: 2/2
   672 | D:2      | Found a broken altar of Ashenzari.
   843 | D:2      | Reached skill level 5 in Polearms
   843 | D:2      | Reached XP level 4. HP: 19/39 MP: 3/3
  1645 | D:3      | Reached skill level 6 in Polearms
  1825 | D:3      | Reached XP level 5. HP: 45/45 MP: 4/4
  1849 | D:3      | Found a snail-covered altar of Cheibriados.
  2047 | D:3      | Found a glowing silver altar of Zin.
  2569 | D:4      | Noticed a yak
  2569 | D:4      | Noticed a yak
  2577 | D:4      | Noticed a yak
  2848 | D:4      | Found a runed translucent gate.
  2848 | D:4      | Found a runed translucent gate.
  2848 | D:4      | Found a runed translucent gate.
  2850 | D:4      | Noticed styxcanada's ghost (novice SpBr)
  2892 | D:4      | Found a glowing drain.
  2924 | Sewer    | Entered a sewer
  3018 | Sewer    | Reached skill level 7 in Polearms
  3038 | Sewer    | Noticed Pargi
  3048 | Sewer    | Killed Pargi
  3049 | Sewer    | Reached XP level 6. HP: 50/51 MP: 5/5
  3318 | D:4      | Killed a yak
  3319 | D:4      | Reached skill level 8 in Polearms
  3324 | D:4      | Killed a yak
  3325 | D:4      | Reached skill level 9 in Polearms
  3325 | D:4      | Reached XP level 7. HP: 55/57 MP: 6/6
  3329 | D:4      | Killed a yak
  3330 | D:4      | Reached skill level 10 in Polearms
  3633 | D:4      | Found an ornate altar of the Wu Jian Council.
  3634 | D:4      | Found a shimmering altar of Xom.
  4270 | D:4      | Found a bloodstained altar of Trog.
  4347 | D:5      | Entered Level 5 of the Dungeon
  4364 | D:5      | Reached skill level 11 in Polearms
  4367 | D:5      | Reached XP level 8. HP: 57/64 MP: 7/7
  4458 | D:5      | Identified the +2 ring mail of Igate {Harm rElec rN+}
  4644 | D:5      | Found Neqa Agha's Armour Shop.
  4818 | D:5      | Found Kykuk's Fire Supplies.
  4845 | D:5      | Reached skill level 12 in Polearms
  4849 | D:5      | Found a basalt altar of Yredelemnul.
  4919 | D:5      | Found a glowing golden altar of the Shining One.
  5100 | D:5      | Reached skill level 13 in Polearms
  5180 | D:5      | Identified the +8 mace "Kixteabo" {flame, Will+ Str+6}
  5592 | D:6      | Identified a scroll of acquirement
  5592 | D:6      | Acquired 1328 gold pieces
  5712 | D:5      | Bought a +2 cloak of preservation for 236 gold pieces
  5789 | D:5      | Bought a +2 pair of boots of fire resistance for 301 gold
                  | pieces
  5953 | D:6      | Found a staircase to the Ecumenical Temple.
  5969 | Temple   | Entered the Ecumenical Temple
  6152 | Temple   | Became a worshipper of Warmaster Okawaru
  6201 | D:6      | Reached skill level 14 in Polearms
  6201 | D:6      | Reached XP level 9. HP: 71/71 MP: 8/8
  6392 | D:6      | Reached skill level 1 in Dodging
  6489 | D:6      | Noticed Duvessa
  6489 | D:6      | Noticed Dowan
  6497 | D:6      | Killed Duvessa
  6504 | D:6      | Killed Dowan
  6504 | D:6      | Reached * piety under Okawaru
  6613 | D:6      | Noticed Blork the orc
  6622 | D:6      | Killed Blork the orc
  7063 | D:7      | Reached skill level 5 in Fighting
  7067 | D:7      | Reached skill level 5 in Armour
  7067 | D:7      | Reached skill level 5 in Shields
  7346 | D:7      | Noticed a +0 dagger
  7346 | D:7      | Noticed a +0 hand axe
  7358 | D:7      | Found a hide-covered altar of Uskayaw.
  7381 | D:7      | Reached ** piety under Okawaru
  8310 | D:8      | Reached XP level 10. HP: 83/83 MP: 9/9
  8343 | D:8      | Reached *** piety under Okawaru
  8458 | D:8      | Noticed a two-headed ogre
  8469 | D:8      | Killed a two-headed ogre
  8470 | D:8      | Reached skill level 5 in Dodging
  8471 | D:8      | Noticed Erica
  8481 | D:8      | Killed Erica
  8517 | D:8      | Noticed Maggie
  8523 | D:8      | Killed Maggie
  8764 | D:8      | Reached **** piety under Okawaru
  9175 | D:9      | Noticed DocClef's ghost (novice GnIE)
  9175 | D:9      | Found a runed translucent gate.
  9175 | D:9      | Found a runed translucent gate.
  9175 | D:9      | Found a runed translucent gate.
  9215 | D:9      | Killed DocClef's ghost
  9230 | D:9      | Reached XP level 11. HP: 68/95 MP: 5/10
  9260 | D:9      | Received a gift from Okawaru
  9561 | D:9      | Identified the amulet "Buralua" {RegenMP rCorr Str-2 Int+2
                  | Stlth+}
  9624 | D:9      | Found an opulent altar of Gozag.
  9859 | D:9      | Identified the +6 dagger of Severance {chaos, Fly rPois
                  | rF+}
  9863 | D:9      | Identified the +1 leather armour "Pomiceb" {-Tele Fly rN+}
  9884 | D:9      | Identified the +1 scale mail "Fafo" {rElec rPois Regen+
                  | Stlth-}
 10655 | D:9      | Found a large runed translucent door.
 10656 | D:9      | Found a large runed translucent door.
 10657 | D:9      | Noticed a red ugly thing
 10665 | D:9      | Noticed a green ugly thing
 10666 | D:9      | Found a shimmering altar of Xom.
 10682 | D:9      | Killed a green ugly thing
 10682 | D:9      | Reached ***** piety under Okawaru
 10697 | D:9      | Killed a green ugly thing
 11120 | D:10     | Entered Level 10 of the Dungeon
 11199 | D:10     | Found a portal to a secret trove of treasure.
 11298 | D:10     | Found a broken altar of Ashenzari.
 11299 | D:10     | Found a sparkling altar of Nemelex Xobeh.
 11318 | D:10     | Noticed a two-headed ogre
 11331 | D:10     | Killed a two-headed ogre
 11331 | D:10     | Received a gift from Okawaru
 11611 | D:10     | Found an ancient bone altar of Kikubaaqudgha.
 11656 | D:10     | Reached skill level 10 in Fighting
 11656 | D:10     | Reached skill level 10 in Shields
 11663 | D:10     | Reached skill level 10 in Armour
 12420 | D:11     | Found a staircase to the Lair.
 12449 | D:11     | Noticed a boulder beetle
 12451 | D:11     | Noticed a boulder beetle
 12451 | D:11     | Noticed a skeletal warrior
 12486 | D:11     | Mangled by a boulder beetle

Illustrated notes

Levels and vault maps discovered:
D:1:      dpeg_arrival_boxes_within_box, layout_basic,
          ebering_ecumenical_altar_ruins, serial_bayou_crossing
D:2:      cheibrodos_pilgrimage, layout_rooms, basic_altar
D:3:      layout_basic, mainiacjoe_overflow_surrounded_room, slow_altar_2,
          hex_large
D:4:      layout_gridville, lemuel_tele_altar, mainiacjoe_overflow_divided_tiny,
          ebering_ghost_rock_garden, portal_sewer_entry_c, chequers_garden
D:5:      layout_rooms, old_standard_altar, nicolae_shop_fire_sale
          [nicolae_sub_dead_trees], chequers_serial_rivers_small_b,
          minmay_misc_feat_encased, nicolae_inconvenience_store,
          minmay_ruined_shrine
D:6:      layout_loops_ring, minmay_temple_entry_offerings, st_stairs_4,
          uniq_duvessa, uniq_blork_the_orc
D:7:      layout_cave_pods, dancing_weapons_uskayaw, minmay_increasing_density
D:8:      layout_basic, uniq_erica, uniq_maggie
D:9:      due_chaos_kobolds, layout_stronghold, kennysheep_mini,
          gammafunk_ghost_nasty_kobolds
D:10:     mumra_celtic_spiral_tile, layout_cave_pools,
          nemelex_xobeh_ov_fountains_minmay,
          lemuel_mausoleum_altar_kikubaaqudgha, ashenzari_altar_1,
          nicolae_trove_entry_columns, roderic_roman_lattice
D:11:     minmay_the_grid_triangle_9x9_recursive_3
          [minmay_the_grid_triangle_9x9_longest,
          minmay_the_grid_triangle_9x9_alien,
          minmay_the_grid_triangle_9x9_sparse_checkered,
          minmay_the_grid_triangle_9x9_prize_insulated,
          minmay_the_grid_triangle_9x9_minimal,
          minmay_the_grid_triangle_9x9_sprig,
          minmay_the_grid_triangle_9x9_corrupted_corridor,
          minmay_the_grid_triangle_9x9_thin_v,
          minmay_the_grid_triangle_9x9_semitri], layout_cave_pools,
          serial_column_ruins, column_ruins_hut_pillars,
          column_ruins_open_small, column_ruins_open_small,
          column_ruins_columns_straight, column_ruins_grid_3,
          column_ruins_open_tiny, st_stairs_4
Temple:   bh_familiar_temple

Skill      XL: |  1  2  3  4  5  6  7  8  9 10 11 |
---------------+----------------------------------+-----
Polearms       | 3 4 5 6 7 9 11 14 | 14.0
Dodging        | 4 6 8 |  8.6
Fighting       | 6 8 10 | 10.2
Armour         | 6 8 10 | 10.2
Shields        | 6 8 10 | 10.2

Action                   |  1- 3 |  4- 6 |  7- 9 | 10-12 || total
-------------------------+-------+-------+-------+-------++-------
Melee: Trident           |    75 |   158 |    52 |       ||   285
       Headbutt          |     8 |    23 |    51 |   104 ||   186
       Spear             |       |       |   277 |   483 ||   760
Invok: Finesse           |       |       |       |     1 ||     1
       Heroism           |       |       |       |     2 ||     2
  Use: Potion            |     1 |     7 |       |       ||     8
       Scroll            |       |     1 |     8 |     5 ||    14
Armor: Scale mail        |    20 |    33 |       |       ||    53
       Ring mail         |       |    37 |    63 |   102 ||   202
Dodge: Dodged            |    30 |    46 |    72 |   117 ||   265
Block: Buckler           |     9 |    31 |    25 |    60 ||   125
